BSA
NEW ORLEANS LOOTERS @ KENILWORTH ACES
10/09/2029
 
TOP OF THE 1ST
New Orleans Looters batting - Pitching for Kenilworth Aces : RHP José Martínez
Pitching: RHP José Martínez
Batting: SHB Arturo Sánchez 0-0: Called Strike
0-1: Ball
1-1: Foul Ball, location: 2F
1-2: Ball
2-2: Fly out, F8 (Line Drive, 8RD)
Batting: LHB Miguel Colón 0-0: Foul Ball, location: 2F
0-1: Swinging Strike
0-2: TRIPLE (Flyball, 7LD)
Batting: LHB Jorge Martínez 0-0: Ball
1-0: Ball
2-0: Fly out, F9 (Flyball, 89S)
Runner from 3rd tags up, SCORES, no throw
Batting: LHB Taylor Smith 0-0: Ground out 6-3 (Groundball, 6)
Top of the 1st over - 1 run, 1 hit, 0 errors, 0 left on base; New Orleans 1 - Kenilworth 0
BOTTOM OF THE 1ST
Kenilworth Aces batting - Pitching for New Orleans Looters : RHP Edward Baker
Pitching: RHP Edward Baker
Batting: LHB Barrett Waters 0-0: Ball
1-0: SINGLE (Line Drive, 78S)
Batting: LHB Roy Patrick 0-0: Ball
1-0: Ball
2-0: Swinging Strike
2-1: Swinging Strike
2-2: Strikes out swinging
Batting: SHB Julián Madrid 0-0: Ball
1-0: Called Strike
1-1: Ball
2-1: Ball
Barrett Waters is caught stealing 2nd base
3-1: Foul Ball, location: 2F
3-2: Foul Ball, location: 2F
3-2: SINGLE (Flyball, 78S)
Batting: LHB Roger Moore 0-0: Swinging Strike
0-1: Foul Ball, location: 2F
0-2: Ball
1-2: SINGLE (Line Drive, 56D)
Julián Madrid to second
Batting: LHB Roberto García 0-0: Ground out 5-3 (Groundball, 56S)
Bottom of the 1st over - 0 runs, 3 hits, 0 errors, 2 left on base; New Orleans 1 - Kenilworth 0
TOP OF THE 2ND
New Orleans Looters batting - Pitching for Kenilworth Aces : RHP José Martínez
Batting: SHB Oliver Deleón 0-0: Ball
1-0: Fly out, F7 (Line Drive, 7)
Batting: RHB Dave O'Loan 0-0: Called Strike
0-1: SOLO HOME RUN (Flyball, 89XD), Distance : 420 ft
Batting: RHB John Mendelson 0-0: Foul Ball, location: 2F
0-1: Called Strike
0-2: Ball
1-2: Ball
2-2: Ground out 6-3 (Groundball, 6)
Batting: SHB Derek Roach 0-0: Called Strike
0-1: Swinging Strike
0-2: Strikes out swinging
Top of the 2nd over - 1 run, 1 hit, 0 errors, 0 left on base; New Orleans 2 - Kenilworth 0
BOTTOM OF THE 2ND
Kenilworth Aces batting - Pitching for New Orleans Looters : RHP Edward Baker
Batting: RHB Jorge Jiménez 0-0: Ground out 5-3 (Groundball, 56)
Batting: RHB Andrés Lara 0-0: Ball
1-0: Ball
2-0: Ball
3-0: Foul Ball, location: 2F
3-1: Foul Ball, location: 2F
3-2: Base on Balls
Batting: LHB Jim Jensen 0-0: Called Strike
0-1: Ball
1-1: Ball
2-1: Foul Ball, location: 2F
2-2: Foul Ball, location: 2F
2-2: Ground out 5-3 (Groundball, 56S)
Andrés Lara to second
Batting: RHB Taylor McFarland 0-0: Ball
1-0: Foul Ball, location: 2F
1-1: Ball
2-1: Ground out 3-1 (Groundball, 34)
Bottom of the 2nd over - 0 runs, 0 hits, 0 errors, 1 left on base; New Orleans 2 - Kenilworth 0
TOP OF THE 3RD
New Orleans Looters batting - Pitching for Kenilworth Aces : RHP José Martínez
Batting: RHB Rubén Vázquez 0-0: Called Strike
0-1: Foul Ball, location: 2F
0-2: Ground out 4-3 (Groundball, 4)
Batting: SHB Arturo Sánchez 0-0: Ball
1-0: Fly out, F8 (Flyball, 78XD)
Batting: LHB Miguel Colón 0-0: Foul Ball, location: 2F
0-1: Ball
1-1: Called Strike
1-2: Strikes out swinging
Top of the 3rd over - 0 runs, 0 hits, 0 errors, 0 left on base; New Orleans 2 - Kenilworth 0
BOTTOM OF THE 3RD
Kenilworth Aces batting - Pitching for New Orleans Looters : RHP Edward Baker
Batting: LHB Barrett Waters 0-0: Ball
1-0: Ground out 4-3 (Groundball, 4)
Batting: LHB Roy Patrick 0-0: Ball
1-0: Called Strike
1-1: Ball
2-1: Foul Ball, location: 2F
2-2: Strikes out swinging
Batting: SHB Julián Madrid 0-0: Ball
1-0: Called Strike
1-1: DOUBLE (Line Drive, 9LD)
Batting: LHB Roger Moore 0-0: Called Strike
0-1: Foul Ball, location: 2F
0-2: Ball
1-2: Ball
2-2: Ball
Wild Pitch!
Julián Madrid to third
3-2: Strikes out swinging
Bottom of the 3rd over - 0 runs, 1 hit, 0 errors, 1 left on base; New Orleans 2 - Kenilworth 0
TOP OF THE 4TH
New Orleans Looters batting - Pitching for Kenilworth Aces : RHP José Martínez
Batting: LHB Jorge Martínez 0-0: Fly out, F6 (Popup, 6MS)
Batting: LHB Taylor Smith 0-0: Foul Ball, location: 2F
0-1: Ground out 5-3 (Groundball, 56)
Batting: SHB Oliver Deleón 0-0: Ball
1-0: Ground out 5-3 (Groundball, 56)
Top of the 4th over - 0 runs, 0 hits, 0 errors, 0 left on base; New Orleans 2 - Kenilworth 0
BOTTOM OF THE 4TH
Kenilworth Aces batting - Pitching for New Orleans Looters : RHP Edward Baker
Batting: LHB Roberto García 0-0: Foul Ball, location: 2F
0-1: Ball
1-1: Called Strike
1-2: SINGLE (Groundball, 56) (infield hit)
Batting: RHB Jorge Jiménez 0-0: Ball
1-0: Fly out, F9 (Flyball, 89S)
Batting: RHB Andrés Lara 0-0: Ball
1-0: Ball
2-0: Ball
3-0: Grounds into double play, 5-4-3 (Groundball, 5)
Bottom of the 4th over - 0 runs, 1 hit, 0 errors, 0 left on base; New Orleans 2 - Kenilworth 0
TOP OF THE 5TH
New Orleans Looters batting - Pitching for Kenilworth Aces : RHP José Martínez
Batting: RHB Dave O'Loan 0-0: Called Strike
0-1: Ball
1-1: Fly out, F6 (Flyball, 56D)
Batting: RHB John Mendelson 0-0: Called Strike
0-1: Called Strike
0-2: Foul Ball, location: 2F
0-2: Ball
1-2: Ball
2-2: Ball
3-2: Foul Ball, location: 2F
3-2: Ground out 4-3 (Groundball, 34D)
Batting: SHB Derek Roach 0-0: Foul Ball, location: 2F
0-1: Called Strike
0-2: Strikes out looking
Top of the 5th over - 0 runs, 0 hits, 0 errors, 0 left on base; New Orleans 2 - Kenilworth 0
BOTTOM OF THE 5TH
Kenilworth Aces batting - Pitching for New Orleans Looters : RHP Edward Baker
Batting: LHB Jim Jensen 0-0: Ball
1-0: Ball
2-0: Hit by Pitch
Batting: RHB Taylor McFarland 0-0: Ball
1-0: Called Strike
1-1: Swinging Strike
1-2: Ball
2-2: Ball
3-2: Foul Ball, location: 2F
3-2: SINGLE (Line Drive, 8RS)
Jim Jensen to second
Batting: LHB Barrett Waters 0-0: Called Strike
0-1: Ball
1-1: Foul Ball, location: 2F
1-2: Ball
2-2: Foul Ball, location: 2F
2-2: Fielders Choice at 2nd, 3-6 (Groundball, 34)
Jim Jensen to third
Batting: LHB Roy Patrick 0-0: Ball
1-0: Fly out, F8 (Flyball, 8LM)
Runner from 3rd tags up, OUT at HOME
Bottom of the 5th over - 0 runs, 1 hit, 0 errors, 1 left on base; New Orleans 2 - Kenilworth 0
TOP OF THE 6TH
New Orleans Looters batting - Pitching for Kenilworth Aces : RHP José Martínez
Batting: RHB Rubén Vázquez 0-0: Swinging Strike
0-1: Called Strike
0-2: Foul Ball, location: 2F
0-2: Ball
1-2: Ball
2-2: Foul Ball, location: 2F
2-2: Ball
3-2: Strikes out swinging
Batting: SHB Arturo Sánchez 0-0: DOUBLE (Flyball, 8LXD)
Batting: LHB Miguel Colón 0-0: Foul Ball, location: 2F
0-1: Fly out, F8 (Flyball, 78D)
Batting: LHB Jorge Martínez 0-0: Called Strike
0-1: Called Strike
0-2: Ball
1-2: Foul Ball, location: 2F
1-2: SINGLE (Flyball, 9S)
Arturo Sánchez to third
Runner from 3rd tries for Home, SAFE, no throw
Batting: LHB Taylor Smith Pickoff Throw to First - Out!
Top of the 6th over - 1 run, 2 hits, 0 errors, 0 left on base; New Orleans 3 - Kenilworth 0
BOTTOM OF THE 6TH
Kenilworth Aces batting - Pitching for New Orleans Looters : RHP Edward Baker
Batting: SHB Julián Madrid 0-0: Ball
1-0: Called Strike
1-1: Called Strike
1-2: Fly out, F7 (Flyball, 7D)
Batting: LHB Roger Moore 0-0: Ball
1-0: Ball
2-0: Ground out 3-1 (Groundball, 34S)
Batting: LHB Roberto García 0-0: Called Strike
0-1: Foul Ball, location: 2F
0-2: Ground out 6-3 (Groundball, 6)
Bottom of the 6th over - 0 runs, 0 hits, 0 errors, 0 left on base; New Orleans 3 - Kenilworth 0
TOP OF THE 7TH
New Orleans Looters batting - Pitching for Kenilworth Aces : RHP José Martínez
Batting: LHB Taylor Smith 0-0: Foul Ball, location: 2F
0-1: Swinging Strike
0-2: Ball
1-2: Strikes out swinging
Batting: SHB Oliver Deleón 0-0: Ball
1-0: Swinging Strike
1-1: Ball
2-1: Foul Ball, location: 2F
2-2: Ground out 6-3 (Groundball, 56)
Batting: RHB Dave O'Loan 0-0: Called Strike
0-1: Foul Ball, location: 2F
0-2: Ball
1-2: Foul Ball, location: 2F
1-2: Ground out 6-3 (Groundball, 56D)
Top of the 7th over - 0 runs, 0 hits, 0 errors, 0 left on base; New Orleans 3 - Kenilworth 0
BOTTOM OF THE 7TH
Kenilworth Aces batting - Pitching for New Orleans Looters : RHP Edward Baker
Batting: RHB Jorge Jiménez 0-0: Foul Ball, location: 2F
0-1: Ball
1-1: Foul Ball, location: 2F
1-2: SOLO HOME RUN (Line Drive, 7LD), Distance : 362 ft
Batting: RHB Andrés Lara 0-0: Ball
1-0: Fly out, F4 (Line Drive, 4M)
Batting: LHB Jim Jensen 0-0: Ball
1-0: Foul Ball, location: 2F
1-1: Fly out, F8 (Line Drive, 8LXD)
Batting: RHB Taylor McFarland 0-0: Called Strike
0-1: Ground out 5-3 (Groundball, 56)
Bottom of the 7th over - 1 run, 1 hit, 0 errors, 0 left on base; New Orleans 3 - Kenilworth 1
TOP OF THE 8TH
New Orleans Looters batting - Pitching for Kenilworth Aces : RHP José Martínez
Batting: RHB John Mendelson 0-0: Called Strike
0-1: Foul Ball, location: 2F
0-2: Ball
1-2: Ground out 5-3 (Groundball, 5)
Batting: SHB Derek Roach 0-0: Ball
1-0: Ball
2-0: Fly out, F7 (Flyball, 7LM)
Batting: RHB Rubén Vázquez 0-0: SINGLE (Line Drive, 4MD)
Batting: SHB Arturo Sánchez 0-0: Ball
1-0: Ball
2-0: Swinging Strike
2-1: Called Strike
2-2: Fielders Choice at 2nd, 6-4 (Groundball, 6)
Top of the 8th over - 0 runs, 1 hit, 0 errors, 1 left on base; New Orleans 3 - Kenilworth 1
BOTTOM OF THE 8TH
Kenilworth Aces batting - Pitching for New Orleans Looters : RHP Edward Baker
Batting: LHB Barrett Waters 0-0: Fly out, F8 (Flyball, 8LD)
Batting: LHB Roy Patrick 0-0: Foul Ball, location: 2F
0-1: Fly out, F8 (Flyball, 8LD)
Batting: SHB Julián Madrid 0-0: Ball
1-0: SOLO HOME RUN (Flyball, 89XD), Distance : 450 ft
Batting: LHB Roger Moore 0-0: Ball
1-0: Called Strike
1-1: Ball
2-1: Foul Ball, location: 2F
2-2: Strikes out swinging
Bottom of the 8th over - 1 run, 1 hit, 0 errors, 0 left on base; New Orleans 3 - Kenilworth 2
TOP OF THE 9TH
New Orleans Looters batting - Pitching for Kenilworth Aces : RHP José Martínez
Pitching: RHP Robinson Gonzáles
Batting: LHB Miguel Colón 0-0: SINGLE (Flyball, 8LS)
Batting: LHB Jorge Martínez 0-0: Ball
1-0: Ball
2-0: Called Strike
2-1: SINGLE (Flyball, 78S)
Miguel Colón to second
Batting: LHB Taylor Smith 0-0: Ball
1-0: Ball
2-0: Called Strike
2-1: Fly out, F8 (Line Drive, 8RM)
Batting: SHB Oliver Deleón 0-0: Called Strike
0-1: Ball
1-1: Fly out, F5 (Popup, 6S)
Pitching: LHP Alfonso Ramos
Batting: RHB Dave O'Loan 0-0: Ball
1-0: Fly out, F9 (Flyball, 9LMF)
Top of the 9th over - 0 runs, 2 hits, 0 errors, 2 left on base; New Orleans 3 - Kenilworth 2
BOTTOM OF THE 9TH
Kenilworth Aces batting - Pitching for New Orleans Looters : RHP Edward Baker
Pitching: LHP Juan Méndez
Batting: LHB Roberto García 0-0: Ball
1-0: Ball
2-0: Ball
3-0: Base on Balls
Batting: RHB Jorge Jiménez 0-0: Sac Bunt - play at first, batter OUT! 5-4
Roberto García to second
Batting: RHB Andrés Lara 0-0: Called Strike
0-1: Foul Ball, location: 2F
0-2: Ball
1-2: Ball
2-2: Foul Ball, location: 2F
2-2: Ball
3-2: Fly out, F7 (Line Drive, 78S)
Batting: LHB Jim Jensen 0-0: Foul Ball, location: 2F
0-1: SINGLE (Groundball, 34D)
Roberto García to third
Runner from 3rd tries for Home, SAFE, no throw
Batting: RHB Taylor McFarland 0-0: Ball
1-0: Called Strike
1-1: Called Strike
1-2: Fly out, F4 (Flyball, 4D)
Bottom of the 9th over - 1 run, 1 hit, 0 errors, 1 left on base; New Orleans 3 - Kenilworth 3
TOP OF THE 10TH
New Orleans Looters batting - Pitching for Kenilworth Aces : LHP Alfonso Ramos
Batting: RHB John Mendelson 0-0: Ball
1-0: Called Strike
1-1: Foul Ball, location: 2F
1-2: Fly out, F1 (Line Drive, 13)
Pinch Hitting: RHB Run-ming Zhu 0-0: Ball
1-0: Ball
2-0: Ball
3-0: Called Strike
3-1: Ground out 5-3 (Groundball, 56)
Batting: RHB Rubén Vázquez 0-0: Ball
1-0: Ball
2-0: Fly out, F8 (Flyball, 89S)
Top of the 10th over - 0 runs, 0 hits, 0 errors, 0 left on base; New Orleans 3 - Kenilworth 3
BOTTOM OF THE 10TH
Kenilworth Aces batting - Pitching for New Orleans Looters : LHP Juan Méndez
Now at C: Run-ming Zhu
Batting: LHB Barrett Waters 0-0: Ball
1-0: SINGLE (Groundball, 4MD)
Batting: LHB Roy Patrick 0-0: Ball
1-0: Ball
2-0: Bunted foul
2-1: Called Strike
2-2: Foul Ball, location: 2F
2-2: Ball
3-2: Foul Ball, location: 2F
3-2: Foul Ball, location: 2F
3-2: Foul Ball, location: 2F
3-2: Foul Ball, location: 2F
3-2: Grounds into double play, 1-6-3 (Groundball, 13)
Batting: SHB Julián Madrid 0-0: Called Strike
0-1: Ball
1-1: Ground out 5-3 (Groundball, 5)
Bottom of the 10th over - 0 runs, 1 hit, 0 errors, 0 left on base; New Orleans 3 - Kenilworth 3
TOP OF THE 11TH
New Orleans Looters batting - Pitching for Kenilworth Aces : LHP Alfonso Ramos
Batting: SHB Arturo Sánchez 0-0: Called Strike
0-1: Ground out U3 (Groundball, 34)
Batting: LHB Miguel Colón 0-0: Called Strike
0-1: Ball
1-1: Called Strike
1-2: Strikes out swinging
Batting: LHB Jorge Martínez 0-0: Swinging Strike
0-1: Foul Ball, location: 2F
0-2: Ball
1-2: Ball
2-2: Ground out 3-1 (Groundball, 34S)
Top of the 11th over - 0 runs, 0 hits, 0 errors, 0 left on base; New Orleans 3 - Kenilworth 3
BOTTOM OF THE 11TH
Kenilworth Aces batting - Pitching for New Orleans Looters : LHP Juan Méndez
Pinch Hitting: RHB Wilbert Rodgers 0-0: Foul Ball, location: 2F
0-1: Fly out, F6 (Popup, 6MD)
Batting: LHB Roberto García 0-0: Called Strike
0-1: Foul Ball, location: 2F
0-2: Ball
1-2: Ball
2-2: Foul Ball, location: 2F
2-2: Foul Ball, location: 2F
2-2: Ball
3-2: Foul Ball, location: 2F
3-2: Fly out, F6 (Popup, 6M)
Batting: RHB Jorge Jiménez 0-0: Ball
1-0: Ground out 5-3 (Groundball, 56)
Bottom of the 11th over - 0 runs, 0 hits, 0 errors, 0 left on base; New Orleans 3 - Kenilworth 3
TOP OF THE 12TH
New Orleans Looters batting - Pitching for Kenilworth Aces : LHP Alfonso Ramos
Now in LF: Wilbert Rodgers
Batting: LHB Taylor Smith 0-0: Called Strike
0-1: Swinging Strike
0-2: Ball
1-2: Ball
2-2: Ball
3-2: Base on Balls
Batting: SHB Oliver Deleón 0-0: Ball
1-0: Ball
2-0: Swinging Strike
2-1: Foul Ball, location: 2F
2-2: Ball
3-2: Foul Ball, location: 2F
3-2: Foul Ball, location: 2F
3-2: Strikes out swinging
Batting: RHB Dave O'Loan 0-0: Ball
1-0: Called Strike
1-1: Swinging Strike
1-2: Strikes out swinging
Batting: RHB John Mendelson 0-0: Called Strike
0-1: Fly out, F8 (Flyball, 8RS)
Top of the 12th over - 0 runs, 0 hits, 0 errors, 1 left on base; New Orleans 3 - Kenilworth 3
BOTTOM OF THE 12TH
Kenilworth Aces batting - Pitching for New Orleans Looters : LHP Juan Méndez
Batting: RHB Andrés Lara 0-0: Ball
1-0: Ball
2-0: Swinging Strike
2-1: Swinging Strike
2-2: Reached on error, E3 (Groundball, 34S)
Batting: LHB Jim Jensen 0-0: Sac Bunt - play at first, batter OUT! 2-3
Andrés Lara to third
Batting: RHB Taylor McFarland 0-0: Intentional Walk
Batting: LHB Barrett Waters 0-0: Ball
1-0: Foul Ball, location: 2F
1-1: Bunted foul
1-2: SINGLE (Groundball, 34D)
Andrés Lara scores
Saturday, December 16th, 2017 - OOTP Baseball 18.8 Build 76